Map: Ascension to Aiur LE

Players

Winthrowe

  • Race: Terran Terran
  • League: Silver
  • Spawn Location: 5:00

A.I. 1 (Harder) - Winner!

  • Race: Protoss Protoss
  • Spawn Location: 11:00

VOD

Have the link to the VOD?

Description

Time

  • Played on: Aug. 19, 2017, 3:30 p.m.
  • Length: 23:05
Show
View Real Time Build Order
Export as new Build Order

Winthrowe Terran 

Build Orders: MMM Bio 

Get SALT Encoding   

  12  0:01  SCV  
  13  0:13  SCV  
  14  0:20  Supply Depot  
  14  0:25  SCV  
  15  0:41  SCV  
  16  0:43  Barracks  
  16  0:50  Refinery  
  16  0:54  SCV  
  17  1:06  SCV  
  18  1:18  SCV  
  19  1:30  SCV  
  20  1:36  Supply Depot  
  20  1:42  SCV  
  20  1:45  Refinery  
  21  1:54  SCV  
  22  2:02  Engineering Bay  
  22  2:06  SCV  
  23  2:17  Barracks Tech Lab  
  23  2:29  Engineering Bay  
  23  2:38  Combat Shields  
  23  2:46  Marine  
  23  2:50  SCV  
  25  2:59  Engineering Bay  
  25  3:03  Marine  
  26  3:05  Orbital Command  
  26  3:14  Command Center  
  26  3:21  Marine  
  27  3:33  Terran Infantry Weapons Level 1  
  27  3:34  Terran Infantry Armor Level 1  
  27  3:39  Marine  
  28  3:48  Factory  
  28  3:57  Marine, Stimpack  
  29  4:15  Marine  
  30  4:23  SCV  
  31  4:27  Planetary Fortress  
  31  4:32  Marine  
  31  4:35  SCV  
  33  4:40  Refinery  
  33  4:43  Factory Reactor  
  33  4:47  SCV  
  33  4:50  Marine  
  33  4:51  Starport  
  35  4:59  SCV  
  36  5:07  Refinery  
  36  5:08  Marine  
  36  5:11  SCV  
  38  5:26  Marine  
  38  5:27  Armory  
  39  5:37  Cyclone x2  
  45  5:44  Marine  
  46  5:58  Concussive Shells  
  46  6:10  Marine, Medivac  
  46  6:11  SCV, Hellion x2  
  54  6:17  Supply Depot  
  54  6:39  Marine, SCV, Hellion x2  
  60  6:40  SCV, Supply Depot  
  61  6:51  SCV  
  62  7:02  SCV, Hellion x2, Marauder  
  62  7:03  SCV, Barracks  
  62  7:07  Supply Depot  
  70  7:28  SCV  
  75  7:30  Supply Depot  
  71  7:47  Infernal Pre-Igniter  
  71  7:51  Marine x2  
  72  7:53  Supply Depot  
  72  7:54  Thor  
  79  7:59  Medivac  
  81  8:09  Marine x2  
  83  8:15  Supply Depot  
  83  8:26  Marine  
  84  8:27  Marine  
  84  8:29  Medivac  
  84  8:32  Terran Infantry Weapons Level 2  
  87  8:36  Terran Infantry Armor Level 2  
  87  8:37  Thor  
  93  8:44  Marine  
  93  8:45  Marine, Supply Depot  
  95  8:59  Medivac  
  95  9:02  Marine x2  
  79  9:10  Supply Depot  
  66  9:20  Thor, Marine x2  
  60  9:33  Supply Depot  
  60  9:36  Starport Tech Lab  
  60  9:38  Marine x2  
  62  9:55  Marine  
  62  9:56  Marine  
  63  10:01  Supply Depot  
  63  10:02  Thor  
  65  10:13  Marine  
  65  10:14  Marine  
  67  10:29  Viking  
  67  10:31  Marine x2  
  71  10:38  Orbital Command  
  71  10:45  Thor  
  71  10:49  Marine x2  
  79  11:02  Terran Infantry Weapons Level 3  
  79  11:07  Marine x2  
  81  11:24  Marine  
  81  11:25  Marine  
  83  11:28  Thor  
  89  11:38  Barracks Reactor  
  89  11:42  Marine  
  89  11:43  Marine  
  91  11:50  SCV  
  91  11:51  SCV  
  93  12:00  Marine  
  93  12:01  Marine  
  95  12:02  SCV  
  95  12:03  SCV  
  97  12:11  Thor  
  97  12:14  SCV  
  97  12:15  Marine x2, SCV  
  106  12:18  Marine x2  
  109  12:26  SCV  
  109  12:27  Terran Infantry Armor Level 3, SCV  
  111  12:33  Marine x2  
  111  12:36  Marine x2  
  95  12:54  Thor  
  95  13:01  Marine x4  
  99  13:13  Medivac  
  99  13:19  Marine x4  
  105  13:36  Marine  
  105  13:37  Marine x3, Hellion  
  111  13:43  Medivac  
  112  13:54  Marine  
  112  13:55  Marine x3  
  113  13:58  Hellion  
  80  14:12  Marine  
  80  14:13  Marine x3  
  78  14:20  Hellion  
  80  14:30  Marine x4  
  84  14:41  Hellion  
  86  14:48  Marine x4  
  86  15:03  Viking, Hellion  
  86  15:05  Marine  
  86  15:06  Marine x3  
  94  15:09  SCV x2  
  96  15:21  SCV  
  96  15:23  Marine, Thor  
  96  15:24  Marine x3  
  98  15:41  Marine  
  98  15:42  Marine x3  
  98  15:59  Marine x4  
  102  16:06  Thor  
  105  16:17  Marine x4  
  92  16:34  Marine  
  92  16:35  Marine x3  
  77  16:49  Thor  
  77  16:52  Marine  
  77  16:53  Marine x3  
  81  17:05  SCV  
  81  17:06  SCV  
  83  17:10  Marine  
  83  17:11  Marine x3  
  87  17:17  SCV  
  87  17:18  SCV  
  89  17:28  Marine x3  
  89  17:29  Marine, SCV, Medivac  
  96  17:30  SCV  
  96  17:32  Thor  
  103  17:41  SCV  
  103  17:42  SCV  
  105  17:46  Marine x4  
  109  17:54  SCV x2  
  111  17:59  Medivac  
  111  18:04  Marine x4  
  117  18:15  Thor  
  123  18:21  Marine  
  123  18:22  Marine x3  
  127  18:39  Marine  
  127  18:40  Marine x3  
  131  18:57  Marine  
  131  18:58  Marine x3  
  135  19:15  Marine x4  
  111  19:46  Marine x4  
  113  20:00  Hellion  
  113  20:02  Medivac  
  113  20:03  Marine  
  113  20:04  Marine x3  
  85  20:21  Marine, Hellion  
  85  20:22  Marine x3  
  80  20:32  Medivac  
  60  20:39  Marine  
  60  20:40  Marine x3  
  60  20:43  Hellion  
  60  20:57  Marine x3  
  55  21:04  Hellion  
  57  21:25  Hellion  
  57  21:36  Command Center  
Show
View Real Time Build Order
Export as new Build Order

A.I. 1 (Harder) Protoss - Winner!

Build Orders: 1 Gate Expand 

Get SALT Encoding   

  12  0:01  Probe (Chrono Boost)  
  13  0:11  Probe (Chrono Boost)  
  14  0:19  Pylon  
  14  0:22  Probe (Chrono Boost)  
  15  0:38  Probe (Chrono Boost)  
  16  0:48  Probe (Chrono Boost)  
  17  0:50  Gateway  
  17  1:08  Nexus  
  17  1:12  Probe (Chrono Boost)  
  18  1:29  Pylon  
  18  1:30  Assimilator  
  18  1:38  Zealot  
  18  1:42  Cybernetics Core  
  18  1:44  Probe (Chrono Boost)  
  21  1:56  Probe (Chrono Boost)  
  22  2:07  Probe (Chrono Boost)  
  23  2:09  Gateway  
  23  2:15  Assimilator, Stalker  
  23  2:20  Probe (Chrono Boost)  
  26  2:30  Probe (Chrono Boost)  
  27  2:42  Assimilator  
  27  2:43  Adept  
  27  2:49  Pylon  
  29  2:54  Stalker  
  31  3:00  Warp Gate  
  31  3:01  Probe (Chrono Boost)  
  31  3:02  Probe (Chrono Boost)  
  33  3:08  Zealot  
  33  3:12  Probe (Chrono Boost)  
  37  3:13  Probe (Chrono Boost)  
  37  3:24  Probe x2 (Chrono Boost)  
  39  3:34  Gateway  
  39  3:35  Probe (Chrono Boost)  
  39  3:37  Stalker  
  42  3:49  Stalker  
  44  4:06  Sentry  
  44  4:09  Pylon  
  46  4:12  Probe (Chrono Boost)  
  46  4:14  Probe (Chrono Boost)  
  48  4:19  Stargate  
  48  4:23  Probe (Chrono Boost)  
  49  4:28  Probe (Chrono Boost)  
  50  4:34  Probe (Chrono Boost)  
  50  4:36  Forge  
  51  4:43  Probe (Chrono Boost)  
  52  4:50  Probe (Chrono Boost)  
  52  4:52  Pylon  
  53  4:54  Probe (Chrono Boost)  
  54  5:00  Void Ray  
  54  5:01  Probe (Chrono Boost), Protoss Ground Armor Level 1  
  54  5:05  Probe (Chrono Boost)  
  60  5:12  Probe (Chrono Boost)  
  61  5:15  Zealot  
  61  5:16  Pylon  
  61  5:17  Probe (Chrono Boost)  
  64  5:24  Probe (Chrono Boost)  
  64  5:27  Zealot  
  68  5:29  Probe (Chrono Boost)  
  69  5:36  Pylon, Probe (Chrono Boost)  
  69  5:39  Zealot  
  69  5:40  Probe (Chrono Boost)  
  72  5:47  Probe (Chrono Boost)  
  73  5:51  Stalker  
  73  5:55  Probe (Chrono Boost)  
  76  5:59  Probe (Chrono Boost)  
  76  6:01  Pylon  
  76  6:03  Stalker  
  79  6:05  Twilight Council  
  79  6:06  Probe (Chrono Boost)  
  80  6:16  Stalker  
  82  6:20  Pylon  
  82  6:28  Stalker  
  84  6:33  Assimilator  
  84  6:34  Blink  
  84  6:40  Sentry  
  84  6:41  Photon Cannon  
  84  6:46  Robotics Facility, Protoss Ground Weapons Level 1  
  86  6:48  Pylon  
  86  6:52  Adept  
  86  6:53  Photon Cannon  
  88  6:55  Pylon  
  88  6:58  Probe (Chrono Boost)  
  88  7:00  Pylon  
  88  7:01  Void Ray  
  89  7:06  Forge  
  93  7:23  Photon Cannon  
  93  7:27  Photon Cannon  
  93  7:28  Photon Cannon  
  93  7:32  Observer  
  94  7:40  Void Ray  
  98  7:52  Observer  
  99  8:43  Protoss Ground Armor Level 2  
  99  8:44  Protoss Ground Weapons Level 2  
  99  8:49  Warp Prism  
  99  8:51  Adept  
  99  8:55  Pylon  
  103  8:56  Adept  
  103  9:01  Adept  
  103  9:02  Nexus  
  99  9:10  Adept  
  99  9:15  Robotics Facility  
  99  9:16  Adept  
  99  9:18  Robotics Bay  
  99  9:21  Zealot  
  99  9:23  Gateway, Warp Prism  
  99  9:29  Zealot  
  101  9:36  Adept  
  101  9:38  Pylon, Protoss Air Weapons Level 1  
  103  9:41  Zealot  
  105  9:48  Adept  
  107  9:58  Immortal  
  107  9:59  Zealot  
  113  10:01  Warp Prism  
  113  10:02  Gravitic Drive  
  113  10:04  Adept  
  118  10:15  Probe x2 (Chrono Boost)  
  118  10:16  Probe (Chrono Boost)  
  120  10:24  Assimilator  
  120  10:27  Dark Shrine, Probe (Chrono Boost)  
  120  10:28  Probe x2 (Chrono Boost)  
  123  10:30  Assimilator  
  123  10:34  Immortal  
  123  10:36  Observer  
  123  10:38  Probe (Chrono Boost)  
  123  10:39  Probe (Chrono Boost)  
  123  10:40  Probe (Chrono Boost)  
  123  10:42  Nexus  
  131  10:46  Protoss Shields Level 1  
  131  10:53  Observer Gravitic Boosters  
  131  11:20  Protoss Air Armor Level 1  
  131  12:04  Assimilator, Pylon  
  131  12:06  Pylon  
  131  12:07  Assimilator  
  131  12:12  Protoss Ground Weapons Level 3  
  131  12:18  Resonating Glaives  
  131  12:19  Colossus  
  131  12:23  Colossus  
  131  12:26  Protoss Ground Armor Level 3  
  131  12:27  Photon Cannon  
  131  12:29  Extended Thermal Lance  
  133  12:44  Sentry  
  133  12:49  Sentry  
  113  12:53  Adept  
  113  12:57  Adept  
  109  13:05  Zealot  
  111  13:11  Zealot  
  113  13:15  Zealot  
  115  13:20  Zealot  
  117  13:47  Probe x3 (Chrono Boost)  
  117  13:48  Probe (Chrono Boost)  
  117  13:51  Stalker  
  111  13:55  Stalker  
  111  13:58  Photon Cannon  
  111  14:00  Adept  
  101  14:04  Adept  
  101  14:05  Colossus  
  103  14:13  Assimilator  
  103  14:14  Zealot  
  111  14:18  Stalker  
  111  14:22  Sentry  
  115  14:27  Zealot  
  117  14:35  Protoss Shields Level 2  
  117  14:37  Probe (Chrono Boost)  
  117  14:38  Probe x3 (Chrono Boost)  
  113  14:48  Probe (Chrono Boost)  
  113  14:49  Probe x3 (Chrono Boost)  
  117  14:53  Photon Cannon  
  117  14:55  Assimilator  
  117  15:28  Nexus  
  117  15:32  Sentry  
  117  15:38  Nexus  
  117  15:44  Photon Cannon  
  117  15:46  Assimilator  
  117  15:49  Void Ray  
  117  15:50  Adept  
  117  15:55  Adept  
  125  15:58  Adept  
  125  16:01  Adept  
  129  16:08  Adept  
  125  16:14  Sentry  
  125  16:17  Stalker  
  119  16:20  Stalker  
  119  16:26  Sentry  
  119  16:30  Phoenix  
  119  16:32  Nexus  
  121  16:34  Protoss Shields Level 3  
  121  16:36  Adept  
  121  16:37  Assimilator  
  121  16:39  Adept  
  119  16:42  Adept  
  109  16:48  Zealot  
  109  16:52  Phoenix, Assimilator  
  109  16:53  Pylon  
  103  16:55  Adept  
  103  16:56  Pylon  
  103  16:58  Adept  
  109  17:01  Zealot  
  109  17:06  Zealot  
  113  17:12  Void Ray  
  113  17:15  Stalker  
  113  17:17  Photon Cannon  
  113  17:18  Zealot  
  113  17:21  Adept, Photon Cannon  
  113  17:22  Fleet Beacon  
  123  17:24  Gateway  
  123  17:26  Templar Archives  
  123  17:48  Assimilator  
  123  17:52  Protoss Air Weapons Level 2  
  123  18:40  Psionic Storm  
  123  18:46  High Templar  
  123  18:47  Disruptor  
  125  18:55  High Templar  
  130  18:57  Disruptor  
  130  19:02  Tempest  
  139  19:14  Probe (Chrono Boost)  
  139  19:17  Probe (Chrono Boost)  
  139  19:18  Probe (Chrono Boost)  
  139  19:19  Probe (Chrono Boost)  
  139  19:20  High Templar, Archon  
  134  19:25  High Templar  
  134  19:26  Probe (Chrono Boost)  
  134  19:28  Probe (Chrono Boost)  
  134  19:30  Probe x2 (Chrono Boost)  
  135  19:37  Zealot, Probe (Chrono Boost)  
  131  19:39  Probe (Chrono Boost)  
  131  19:41  Zealot, Probe (Chrono Boost)  
  131  19:44  Probe (Chrono Boost)  
  112  19:46  Zealot, Void Ray  
  112  19:49  Probe (Chrono Boost)  
  112  19:52  Probe (Chrono Boost)  
  120  19:53  Protoss Air Armor Level 2  
  120  19:54  Sentry, Probe (Chrono Boost)  
  120  19:59  Stalker  
  125  20:03  Stalker  
  127  20:07  Probe (Chrono Boost)  
  127  20:12  Nexus  
  127  20:14  Stalker  
  127  20:18  Zealot  
  109  20:23  Zealot  
  109  20:27  Zealot  
  111  20:30  Void Ray  
  111  20:31  Zealot  
  113  20:41  High Templar, Archon  
  119  20:45  High Templar  
  119  20:48  Probe (Chrono Boost)  
  120  20:58  Probe (Chrono Boost)  
  121  21:12  High Templar, Archon  
  121  21:16  Nexus, High Templar  
  125  21:24  Assimilator  
  125  21:31  Assimilator  
  125  21:33  Pylon  
  125  21:34  Pylon  
  125  21:35  High Templar, Archon  
  125  21:39  High Templar  
  129  21:45  Assimilator  
  129  21:46  Assimilator  
  129  21:54  High Templar, Archon  
  129  21:56  Photon Cannon  
  129  21:58  Photon Cannon  
  129  21:59  High Templar  
  133  22:08  Oracle  
  133  22:11  Immortal, Stalker  
  142  22:18  Zealot  
  142  22:22  Zealot  
  146  22:25  Stalker  
  146  22:29  Stalker  
  150  22:33  Stalker  
  156  22:38  Pylon  
  156  22:40  Stalker  
  156  22:42  Pylon  
  154  23:04  Photon Cannon  
Tags
 
Composition
MMM Bio
League
Silver
Matchup
PvT
Spawn Locations
Cross Positions
Add a new tag
Caveats
  • Supply blocks, unpowered buildings, or Contaminate may cause inaccurate times.
  • Supply counts are checked every 10 seconds.